 Dungeon Crawl Stone Soup version 0.31-a0-233-g139696dc86 (webtiles) character file.

Game seed: 18429095779143182930

5 qw the Shooter (level 1, -2/16 HPs)
             Began as a Minotaur Hexslinger on July 9, 2023.
             Slain by a jackal (3 damage)
             ... on level 1 of the Dungeon.
             The game lasted 00:00:01 (25 turns).

qw the Shooter (Minotaur Hexslinger)                  Turns: 25, Time: 00:00:02

Health: -2/16      AC:  2    Str: 12    XL:     1   Next: 66%
Magic:  1/1        EV: 12    Int: 10    God:
Gold:   27         SH:  0    Dex: 12    Spells: 1/2 levels left

rFire   . . .        a - +1 sling
rCold   . . .        (no shield)
rNeg    . . .        c - +0 robe
rPois   .            (helmet restricted)
rElec   .            (no cloak)
rCorr   .            (no gloves)
SInv    .            (no boots)
Will    .....        (no amulet)
Stlth   +            (no ring)
HPRegen 0.22/turn    (no ring)
MPRegen 0.07/turn

%: no passive effects
@: no status effects
A: horns 2, retaliatory headbutt
a: no special abilities


You were on level 1 of the Dungeon.
You visited 1 branch of the dungeon, and saw 1 of its levels.

You collected 27 gold pieces.


Innate Abilities, Weirdness & Mutations

You have a pair of horns on your head.
You reflexively headbutt those who attack you in melee.


   Skills:
 - Level 1.2 Fighting
 + Level 2.8 Ranged Weapons
 - Level 2.1 Dodging
 - Level 1.0 Spellcasting
 - Level 2.0 Hexes


You had one spell level left.
You knew the following spells:

 Your Spells              Type           Power      Damage    Failure   Level
a - Slow                  Hex            16%        N/A       16%         1

Your spell library contained the following spells:

 Spells                   Type           Power      Damage    Failure   Level
 Inner Flame              Hex/Fire       2%         N/A       56%         3
 Portal Projectile        Hex/Tloc       4%         N/A       56%         3
 Cause Fear               Hex            2%         N/A       83%         4

Inventory:

Hand Weapons
 a - a +1 sling (weapon)
Armour
 c - a +0 robe (worn)
Scrolls
 b - a scroll of poison

Dungeon Overview and Level Annotations

Branches:
Dungeon (1/15)

Altars:


Message History

You kill the rat!
The jackal closely misses you. The jackal bites you.
You shoot a sling bullet.
The sling bullet hits the jackal but does no damage.
The jackal is moderately wounded.
The jackal closely misses you. The ball python bites you.
The ball python barely misses you. The jackal bites you.
The ball python bites you. The ball python grabs you.
The ball python constricts you. The jackal bites you.
You shoot a sling bullet. The sling bullet hits the ball python.
You kill the ball python!
The jackal bites you. The jackal closely misses you. x2
A kobold comes into view. It is wielding a +0 dagger.
You shoot a sling bullet. The kobold shouts!
The sling bullet hits the jackal but does no damage.
The jackal is moderately wounded.
The jackal bites you. x2
The jackal bites you but does no damage.
You shoot a sling bullet.
The sling bullet completely misses the jackal.
The sling bullet misses the quokka.
The jackal bites you.
The jackal barely misses you. x2; The jackal misses you.
The quokka misses you.
A kobold comes into view. It is wielding a +0 dagger.
You shoot a sling bullet.
The sling bullet closely misses the jackal.
The sling bullet closely misses the quokka.
The kobold shouts!
The jackal bites you. The jackal barely misses you. You furiously retaliate!
You headbutt the jackal!
You kill the jackal!
The quokka closely misses you.
A dart slug comes into view.
The jackal misses you.
You shoot a sling bullet.
The sling bullet hits the jackal but does no damage.
The jackal is moderately wounded.
The quokka misses you. The quokka barely misses you. The jackal bites you.
You die...

...........#......#
.................##
~~~~........~~~~..##
~~~~~......~¤~~~~...
~~~~~..<>..¤¤¤¤~~..#
~~~~~......¤~~¤¤~...
~~~~..####..~~~~...#
.....# ##..r...#..
####. #.@h%.$..# #.
#rr#......
#.......#.#
...........
..........K..
##.......%..K.
........... .
###.........w


You could see a dart slug, 3 quokkas, a jackal and 2 kobolds.

Vanquished Creatures
  3 jackals (D:1)
  A ball python (D:1)
  A rat (D:1)
5 creatures vanquished.

Notes
Turn   | Place    | Note
-------+----------+-------------------------------------------
     0 | D:1      | qw the Minotaur Hexslinger began the quest for the Orb.
     0 | D:1      | Reached XP level 1. HP: 16/16 MP: 1/1
     0 | D:1      | 0 ||| qw: Version: 0.3-a-51-g015441d
     0 | D:1      | 0 ||| qw: Game counter: 3833
     0 | D:1      | 0 ||| qw: Melee chars always use a shield: true
     0 | D:1      | 0 ||| qw: God list: Okawaru
     0 | D:1      | 0 ||| qw: Allow faded altars: false
     0 | D:1      | 0 ||| qw: Do Orc after clearing Dungeon:15 true
     0 | D:1      | 0 ||| qw: Do second Lair branch before Depths: true
     0 | D:1      | 0 ||| qw: Lair rune preference: random
     0 | D:1      | 0 ||| qw: Goals: Normal
     0 | D:1      | 0 ||| PLANNING D:1-11
    22 | D:1      | HP: 4/16 [jackal (2)]
    23 | D:1      | HP: 1/16 [jackal (3)]
    25 | D:1      | Slain by a jackal

Levels and vault maps discovered:
D:1:      dpeg_arrival_pits, layout_rooms, serial_shops,
          nicolae_shop_competitors_out_of_business, nicolae_shop_rolling_square,
          nicolae_shop_dealshenge, serial_bayou, serial_bayou_pond_a,
          serial_bayou_ford_a, serial_bayou_pond_b, serial_bayou_lagoon_a,
          ebering_ecumenical_altar_petrified, st_stairs_4,
          minmay_misc_feat_encased, minmay_gold_behind_fungi

Action                     || total
---------------------------++-------
   Fire: Sling             ||    13
 Armour: Robe              ||     2
  Dodge: Dodged            ||    17

Table legend:
 A = Non-vault XP
 B = Vault XP
 C = Vault XP percentage of total XP
 D = Non-vault monster count
 E = Vault monster count
 F = Vault count percentage of total count
                 A         B        C        D         E       F
            +---------+---------+-------+---------+---------+-------
      Total |       8 |       0 |   0.0 |       5 |       0 |   0.0
            +---------+---------+-------+---------+---------+-------
        D:1 |       8 |       0 |   0.0 |       5 |       0 |   0.0
            +---------+---------+-------+---------+---------+-------
